Map: Prion Terraces

Players

tazer

  • Race: Zerg Zerg
  • League: Gold

MorN - Winner!

  • Race: Terran Terran
  • League: Gold

VOD

Have the link to the VOD?

Description

Time

  • Played on: Nov. 9, 2015, 8:56 p.m.
  • Length: 8:26
Show
View Real Time Build Order
Export as new Build Order

tazer Zerg 

Build Orders: Hatch First, Muta Ling Bane 

Get SALT Encoding   

  12  0:01  Drone  
  13  0:08  Drone  
  14  0:17  Overlord  
  14  0:21  Extractor  
  13  0:23  Extractor  
  13  0:25  Drone  
  13  0:30  Drone  
  13  0:35  Drone  
  17  0:44  Drone  
  18  1:00  Hatchery  
  18  1:01  Drone  
  18  1:05  Extractor  
  18  1:08  Drone  
  18  1:20  Spawning Pool  
  18  1:22  Drone  
  18  1:31  Drone  
  19  1:39  Drone  
  20  1:53  Drone  
  21  2:00  Overlord  
  21  2:15  Metabolic Boost, Hatchery  
  21  2:17  Queen  
  22  2:24  Drone  
  22  2:25  Drone  
  22  2:28  Zergling x2  
  25  2:35  Queen  
  27  2:41  Overlord  
  27  2:43  Drone  
  28  2:50  Overlord  
  28  3:03  Drone x3  
  31  3:06  Drone  
  31  3:11  Drone x2, Queen  
  36  3:21  Drone  
  36  3:22  Drone  
  38  3:30  Drone  
  38  3:31  Drone x4  
  38  3:33  Drone  
  44  3:40  Drone x3  
  47  3:44  Lair  
  47  3:52  Extractor  
  47  3:55  Extractor  
  45  3:56  Extractor  
  45  4:00  Zergling x12  
  45  4:02  Overlord x2  
  50  4:11  Baneling Nest  
  50  4:16  Drone  
  50  4:17  Spore Crawler, Drone  
  50  4:18  Evolution Chamber  
  50  4:20  Evolution Chamber  
  50  4:21  Overlord x2  
  48  4:27  Drone  
  48  4:28  Drone x3  
  52  4:38  Drone x5  
  57  4:47  Drone  
  57  4:48  Drone  
  58  4:53  Drone x3  
  58  4:59  Spore Crawler  
  61  5:00  Drone x5, Extractor x2  
  61  5:06  Spire  
  62  5:18  Drone x5  
  67  5:25  Overlord x2  
  67  5:28  Zerg Ground Armor Level 1, Zerg Melee Weapons Level 1  
  67  5:32  Centrifical Hooks  
  67  5:46  Drone x3  
  67  5:47  Zergling x2  
  67  5:48  Zergling x16  
  79  5:54  Zergling x4  
  81  6:00  Zergling x2  
  81  6:01  Queen x3, Zergling x2  
  88  6:09  Zergling x2  
  88  6:11  Overlord x3  
  89  6:17  Baneling x11  
  89  6:22  Zerg Flyer Weapons Level 1  
  89  6:23  Overlord x2  
  89  6:28  Baneling  
  89  6:29  Baneling x3  
  89  6:30  Baneling x3  
  68  6:41  Zergling x2  
  68  6:42  Zergling x20  
  71  6:50  Zergling x2  
  71  6:51  Zergling x6  
  61  6:54  Mutalisk  
  61  6:55  Mutalisk  
  63  7:05  Baneling x3  
  63  7:06  Baneling x2  
  63  7:20  Mutalisk  
  63  7:21  Mutalisk x3  
  71  7:27  Mutalisk  
  71  7:28  Hatchery, Mutalisk  
  71  7:29  Zergling x2  
  75  7:32  Mutalisk  
  77  7:39  Mutalisk  
  80  7:51  Baneling  
  80  7:52  Baneling  
  80  7:55  Mutalisk  
  80  7:56  Zergling x2  
  80  7:57  Zergling x6  
  85  8:04  Zergling x2  
Show
View Real Time Build Order
Export as new Build Order

MorN Terran - Winner!

Build Orders: Command Center First (CC), MMM Bio 

Get SALT Encoding   

  12  0:00  SCV  
  13  0:13  SCV  
  14  0:17  Supply Depot  
  14  0:25  SCV  
  15  0:38  SCV  
  16  0:57  Command Center  
  16  1:01  SCV  
  17  1:12  Barracks  
  17  1:14  SCV  
  18  1:26  SCV  
  19  1:38  SCV  
  20  1:40  Refinery  
  20  1:50  SCV  
  21  2:03  Marine  
  21  2:06  Orbital Command  
  22  2:08  Orbital Command  
  22  2:21  Marine  
  23  2:34  Barracks  
  23  2:35  SCV x2  
  23  2:36  Barracks  
  25  2:47  Barracks Reactor  
  25  2:50  SCV x2  
  27  2:53  Refinery  
  27  3:00  Supply Depot  
  27  3:02  SCV x2  
  27  3:03  Factory  
  28  3:14  SCV x2  
  30  3:25  Barracks Tech Lab x2, Bunker  
  30  3:26  SCV, Marine x2  
  33  3:32  SCV  
  34  3:35  Supply Depot  
  34  3:38  SCV  
  35  3:44  SCV  
  35  3:45  Stimpack  
  35  3:48  Refinery  
  36  3:50  SCV  
  37  3:57  SCV  
  37  4:01  Barracks Reactor  
  37  4:02  SCV  
  39  4:05  Hellion x2  
  43  4:11  SCV  
  43  4:12  Starport  
  43  4:14  SCV  
  45  4:17  Marauder  
  45  4:18  Marauder  
  45  4:19  Supply Depot  
  45  4:23  SCV  
  45  4:24  Engineering Bay  
  50  4:26  SCV  
  50  4:27  Hellion  
  53  4:35  SCV  
  53  4:37  Combat Shields, Supply Depot x2  
  54  4:40  Marine x2  
  54  4:41  Hellion  
  58  4:48  SCV x2, Hellion  
  58  4:51  Starport Reactor  
  62  4:58  Marine  
  62  4:59  Supply Depot, Marauder x2  
  67  5:00  Terran Infantry Weapons Level 1  
  67  5:08  Marine  
  67  5:10  Hellion x2  
  67  5:11  SCV  
  67  5:12  SCV  
  74  5:16  Marine  
  74  5:20  Marine x2  
  77  5:25  Armory  
  77  5:28  Supply Depot  
  79  5:34  Hellion x2  
  82  5:36  Medivac x2  
  82  5:38  SCV  
  86  5:44  Supply Depot  
  86  5:49  SCV, Missile Turret, Marine x2  
  89  5:50  SCV, Marine, Marauder  
  94  6:06  Hellion, Medivac x2  
  99  6:13  SCV, Marine x2  
  99  6:14  Command Center  
  102  6:22  Concussive Shells  
  102  6:25  Terran Vehicle Weapons Level 1  
  102  6:27  Supply Depot  
  102  6:35  SCV, Marine x4  
  90  6:53  Marauder, Marine x3  
  92  7:01  Barracks x2  
  91  7:02  Engineering Bay  
  91  7:10  Marine x3  
  91  7:11  Missile Turret  
  91  7:12  Refinery  
  91  7:14  Supply Depot  
  91  7:15  Marauder  
  96  7:20  Medivac x2  
  96  7:21  Hellion x2  
  102  7:28  Marine x3  
  105  7:35  Marine  
  106  7:42  Widow Mine x2  
  110  7:46  Marine x3  
  110  7:47  SCV  
  110  7:50  Medivac  
  116  7:52  Supply Depot  
  116  7:53  Marine  
  116  7:55  Barracks Reactor  
  116  7:56  Barracks Reactor  
Tags
 
Add a new tag
Caveats
  • Supply blocks, unpowered buildings, or Contaminate may cause inaccurate times.
  • Supply counts are checked every 10 seconds.